 Dungeon Crawl Stone Soup version 0.29-a0-23-ga79f92ac9c (webtiles) character file.

Game seed: 8555070912216893646

6 riojii the Magician (level 1, 10/10 HPs)
             Began as a Deep Elf Air Elementalist on Jan 30, 2022.
             Quit the game on level 1 of the Dungeon.
             The game lasted 00:00:34 (108 turns).

riojii the Magician (Deep Elf Air Elementalist)      Turns: 108, Time: 00:00:34

Health: 10/10      AC:  2    Str:  5    XL:     1   Next: 75%
Magic:  4/6        EV: 12    Int: 19    God:
Gold:   8          SH:  0    Dex: 15    Spells: 5/6 levels left

rFire   . . .      SeeInvis .   (no weapon)
rCold   . . .      Faith    .   (no shield)
rNeg    . . .      Spirit   .   a - +0 robe
rPois   .          Reflect  .   (no helmet)
rElec   .          Harm     .   (no cloak)
rCorr   .          Rampage  .   (no gloves)
Will    .....                   (no boots)
Stlth   ++........              (no amulet)
HPRegen 0.03/turn               (no ring)
MPRegen 0.10/turn               (no ring)

@: no status effects
A: no striking features
a: no special abilities


You were on level 1 of the Dungeon.
You visited 1 branch of the dungeon, and saw 1 of its levels.

You collected 8 gold pieces.

Inventory:

Armour
 a - a +0 robe (worn)


   Skills:
 * Level 0.3 Fighting
 + Level 2.5 Dodging
 - Level 2.4 Stealth
 + Level 3.1 Spellcasting
 + Level 1.2 Conjurations
 + Level 3.1 Air Magic


You had 5 spell levels left.
You knew the following spells:

 Your Spells              Type           Power      Damage    Failure   Level
a - Shock                 Conj/Air       44%        1d5       6%          1

Your spell library contained the following spells:

 Spells                   Type           Power      Damage    Failure   Level
 Static Discharge         Conj/Air       11%        N/A       10%         2
 Swiftness                Air            14%        N/A       13%         3
 Airstrike                Air            7%         N/A       38%         4


Dungeon Overview and Level Annotations

Branches:
Dungeon (1/15)

Altars:


Message History

You now have 8 gold pieces.
You open the large door.
There is a large open door here.
Found a stone staircase leading down.
A bat comes into view.
A bat is nearby!
A bat is nearby!
A bat is nearby!
The zap hits the bat.
You kill the bat!
Magic restored.
There is a stone staircase leading down here.
A giant cockroach comes into view.
A giant cockroach is nearby!
A giant cockroach is nearby!
A giant cockroach is nearby!
You miscast Shock.
You are very lightly contaminated with residual magic.
Nothing appears to happen.
The zap hits the giant cockroach.
The giant cockroach is almost dead.
The zap hits the giant cockroach.
You kill the giant cockroach!
Your magical contamination has completely faded away.
You see here a giant cockroach corpse.
A goblin comes into view. It is wielding a +0 club.
The zap hits the goblin.
You kill the goblin!
You can't see any susceptible monsters within range! (Use Z to cast anyway.)
Things that are here:
a +0 club; a goblin corpse A kobold comes into view.
It is wielding a +0 dagger.
A kobold is nearby!
The zap hits the kobold.
You kill the kobold!
You hear a shout!
A goblin comes into view. It is wielding a +0 club.
The zap hits the goblin.
You kill the goblin!
Are you sure you want to abandon this character and quit the game? (Confirm with "yes".)

. #. ). .# #### )# #
... .#!####
#.############.......
#.........)..@..#
#..##########...#
#..# #...#
.###..##### #.#.#
#.........# #.#.#
##.#..###.# #####
##...# #†# ###≈≈≈≈≈≈
#.#..# #.# ##≈≈≈≈≈≈≈
#.###.# #.# #≈≈≈§§#≈§


There were no monsters in sight!

Vanquished Creatures
  A bat (D:1)
  A giant cockroach (D:1)
  2 goblins (D:1)
  A kobold (D:1)
5 creatures vanquished.

Notes
Turn   | Place    | Note
-------+----------+-------------------------------------------
     0 | D:1      | riojii the Deep Elf Air Elementalist began the quest for
                  | the Orb.
     0 | D:1      | Reached XP level 1. HP: 10/10 MP: 6/6
   108 | D:1      | Quit the game

Illustrated notes

Levels and vault maps discovered:
D:1:      lightli_molten_gateway, layout_loops_ring, minmay_misc_feat_tower

Action                   || total
-------------------------++-------
 Cast: Shock             ||     6

Table legend: (Time is in decaauts)
 A = Elapsed time spent in this place.
 B = Non-inter-level travel time spent in this place.
 C = Inter-level travel time spent in this place.
 D = Time resting spent in this place.
 E = Time spent auto-exploring this place.
 F = Levels seen in this place.
 G = Mean time per level.
                   A        B        C        D        E       F      G
               +--------+--------+--------+--------+--------+-----+--------+
         Total |    108 |    108 |      0 |      0 |     95 |   1 |  108.0 |
       Dungeon |    108 |    108 |      0 |      0 |     95 |   1 |  108.0 |
               +--------+--------+--------+--------+--------+-----+--------+

Top non-repeatable levels by time:
     D:1: 108 daAuts
